 Dungeon Crawl Stone Soup version 0.30-a0-630-g881e3bac89 (webtiles) character file.

Game seed: 3358621886405851867

30 Rrauwl the Ruffian (level 3, 0/18 HPs)
             Began as a Vine Stalker Gladiator on Jan 13, 2023.
             Succumbed to an adder's poison
             ... on level 2 of the Dungeon.
             The game lasted 00:03:10 (850 turns).

Rrauwl the Ruffian (Vine Stalker Gladiator)          Turns: 850, Time: 00:03:10

Health: 0/18       AC:  6    Str: 18    XL:     3   Next: 20%
Magic:  4/4        EV: 11    Int:  8    God:
Gold:   59         SH:  0    Dex: 15    Spells: 2/2 levels left

rFire   . . .      SeeInvis .      - Unarmed
rCold   . . .      Faith    .    (no shield)
rNeg    . . .      Spirit   +    e - +0 ring mail
rPois   .          Reflect  .    b - +0 helmet
rElec   .          Harm     .    (no cloak)
rCorr   .          Rampage  .    (no gloves)
Will    .....                    (no boots)
Stlth   +                        (no amulet)
HPRegen 0.23/turn                (no ring)
MPRegen 0.09/turn                (no ring)

@: lethally poisoned (0 -> -9)
A: fangs 2, magic shield, antimagic bite, no potion heal 2
a: no special abilities


You were on level 2 of the Dungeon.
You visited 1 branch of the dungeon, and saw 2 of its levels.

You collected 59 gold pieces.

Inventory:

Missiles
 a - 6 poisoned darts
 c - 2 throwing nets (quivered)
 d - a javelin
Armour
 b - a +0 helmet (worn)
 e - a +0 ring mail (worn)


   Skills:
 + Level 2.2 Fighting
 - Level 2.0 Throwing
 + Level 2.8 Dodging
 + Level 3.3 Unarmed Combat


You had 2 spell levels left.
You didn't know any spells.
Your spell library contained the following spells:

 Spells                   Type           Power      Damage    Failure   Level
 Apportation              Tloc           0%         N/A       61%         1
 Freeze                   Ice            0%         1d3       61%         1
 Magic Dart               Conj           0%         1d3       61%         1
 Necrotise                Necr           0%         1d4       61%         1
 Summon Small Mammal      Summ           0%         N/A       61%         1
 Searing Ray              Conj           0%         2d4       75%         2
 Frozen Ramparts          Ice            0%         1d1       93%         3
 Hailstorm                Conj/Ice       0%         3d3       93%         3
 Ozocubu's Armour         Ice            0%         N/A       93%         3
 Fulminant Prism          Conj/Hex       0%         3d5       100%        4
 Ozocubu's Refrigeration  Ice            0%         4d7       100%        7


Dungeon Overview and Level Annotations

Branches:
Dungeon (2/15)

Altars:

Shops:
D:1 :


Innate Abilities, Weirdness & Mutations

You have extremely sharp teeth.
When hurt, damage is shared between your health and your magic reserves.
Your bite disrupts and absorbs the magic of your enemies.
Potions cannot restore your health.


Message History

You barely miss the adder. The adder bites you.
You miss the adder. The adder barely misses you.
You closely miss the adder. The adder bites you.
You are poisoned.
The adder poisons you!
You closely miss the adder. You bite the adder, but do no damage.
You feel sick. The adder bites you.
You hit the adder. Your bite misses the adder.
The adder is moderately wounded.
You feel sick. The adder bites you.
You are lethally poisoned!
The adder poisons you! The adder barely misses you.
You are too injured to fight recklessly!
You are too injured to fight recklessly!
You aren't carrying any potions.
You aren't carrying any items that you can evoke.
You closely miss the adder.
The adder is moderately wounded.
You feel very sick. The adder bites you but does no damage.
You hit the adder but do no damage.
The adder is moderately wounded.
* * * LOW HITPOINT WARNING * * *
You feel sick. The adder bites you.
* * * LOW HITPOINT WARNING * * *
You are more poisoned.
The adder poisons you!
Throw: 3 throwing nets
Press: ? - help, Shift-Dir - straight line, f - adder
Aim: an adder (moderately wounded, 42% to hit)
You throw a throwing net. The throwing net hits the adder.
The adder is caught in the net!
The adder is moderately wounded.
* * * LOW HITPOINT WARNING * * *
You feel very sick.
The adder struggles against the net.
You hit the adder. You bite the adder. You drain its power.
You feel invigorated.
The adder is almost dead.
You die...

#####.### # .#.......#
#### ###.#.####### ....
#...#...†...+ ....
####.###..###### ....
...............# ....
####.###..####.# ....
########################
....
.#...........#..@S......
....
.#.#########.#.#########
....
.#.....#.....#.....# ..
######.#.#########.# .
.......#...........# ...
#################### ...
... ... #+#


You could see an adder (caught).

Vanquished Creatures
  3 endoplasms (D:1)
  A giant cockroach (D:1)
  3 goblins
  3 hobgoblins (D:1)
  3 jackals (D:1)
  2 quokkas
  2 ball pythons (D:1)
  3 bats (D:1)
  2 frilled lizards (D:1)
  3 kobolds (D:1)
  3 rats
28 creatures vanquished.

Notes
Turn   | Place    | Note
-------+----------+-------------------------------------------
     0 | D:1      | Rrauwl the Vine Stalker Gladiator began the quest for the
                  | Orb.
     0 | D:1      | Reached XP level 1. HP: 11/11 MP: 2/2
    64 | D:1      | Found a faded altar of an unknown god.
   106 | D:1      | Reached XP level 2. HP: 15/15 MP: 3/3
   130 | D:1      | Found Netubb's Book Boutique.
   245 | D:1      | Reached XP level 3. HP: 18/18 MP: 4/4
   300 | D:1      | You fall into a shaft and drop 1 floor!
   850 | D:2      | Succumbed to an adder's poison

Illustrated notes

Levels and vault maps discovered:
D:1:      saegor_arrival_under_anarchy, layout_rooms,
          hellmonk_ecumenical_altar_leap_of_faith, serial_glass,
          glass_columns_a, glass_columns_a, due_unseen_surprise,
          feat_on_display, item_on_display_a, serial_shops, shop
D:2:      layout_basic, roderic_serpentine_path, minmay_goblin_kobold_house

Skill      XL: |  1  2 |
---------------+-------+-----
Fighting       | 2 |  2.2
Throwing       | 2 |  2.0
Dodging        | |  2.8
Unarmed Combat | |  3.3

Action                   || total
-------------------------++-------
Melee: Unarmed           ||    90
       Bite              ||    14
       Punch             ||     4
Throw: Throwing net      ||     1
  Use: Potion            ||     3
       Scroll            ||     4
Armor: Ring mail         ||    35
Dodge: Dodged            ||    52

Table legend: (Time is in decaauts)
 A = Elapsed time spent in this place.
 B = Non-inter-level travel time spent in this place.
 C = Inter-level travel time spent in this place.
 D = Time resting spent in this place.
 E = Time spent auto-exploring this place.
 F = Levels seen in this place.
 G = Mean time per level.
                   A        B        C        D        E       F      G
               +--------+--------+--------+--------+--------+-----+--------+
         Total |    845 |    829 |     16 |      0 |    618 |   2 |  422.5 |
       Dungeon |    845 |    829 |     16 |      0 |    618 |   2 |  422.5 |
               +--------+--------+--------+--------+--------+-----+--------+

Top non-repeatable levels by time:
     D:1: 565 daAuts
     D:2: 279 daAuts
